 Dungeon Crawl Stone Soup version 0.28.0-53-g5a82cb258f (webtiles) character file.

Game seed: 6597868300232453106

30 Descartes the Grasshopper (level 3, -2/16 HPs)
             Began as a Felid Warper on July 23, 2022.
             Slain by Crazy Yiuf
             ... wielding a +3 quarterstaff of chaos
              (18 damage)
             ... on level 2 of the Dungeon.
             The game lasted 00:02:00 (1587 turns).

Descartes the Grasshopper (Felid Warper)            Turns: 1587, Time: 00:02:00

Health: -2/16      AC:  1    Str:  9    XL:     3   Next: 5%
Magic:  7/7        EV: 18    Int: 14    God:
Gold:   60         SH:  0    Dex: 15    Spells: 4/6 levels left
                                        Lives:  0   Deaths: 0

rFire   . . .      SeeInvis +     - Unarmed
rCold   . . .      Faith    .   (shield unavailable)
rNeg    . . .      Spirit   .   (armour unavailable)
rPois   .          Reflect  .   (helmet unavailable)
rElec   .          Harm     .   (cloak unavailable)
rCorr   .          Rampage  .   (gloves unavailable)
Will    .....                   (boots unavailable)
Stlth   ++........              (no amulet)
HPRegen 0.05/turn               (no ring)
MPRegen 0.10/turn               (no ring)

@: quick
A: very small, claws 1, fangs 3, see invisible, speed 1, shaggy fur 1, stealthy
paws, no weapons or thrown items, no armour, multi-lived
a: no special abilities


You were on level 2 of the Dungeon.
You visited 1 branch of the dungeon, and saw 2 of its levels.

You collected 60 gold pieces.

Inventory:

Scrolls
 a - a scroll of blinking
 b - 2 scrolls of identify {unknown}
 d - 2 scrolls of immolation {unknown}
 g - a scroll of fear {unknown}
Potions
 c - a potion of attraction {unknown}
 e - 2 potions of haste {unknown}
 f - a potion of might {unknown}
 h - a potion of curing {unknown}


   Skills:
 + Level 2.1 Fighting
 * Level 3.6 Dodging
 * Level 1.3 Stealth
 * Level 2.5 Unarmed Combat
 + Level 2.1 Spellcasting
 + Level 4.6 Translocations
 + Level 0.5 Transmutations


You had 4 spell levels left.
You knew the following spells:

 Your Spells              Type           Power      Damage    Failure   Level
b - Blink                 Tloc           28%        N/A       5%          2

Your spell library contained the following spells:

 Spells                   Type           Power      Damage    Failure   Level
 Gell's Gravitas          Tloc           14%        N/A       11%         3
 Lesser Beckoning         Tloc           14%        N/A       11%         3
 Teleport Other           Tloc           14%        N/A       11%         3
 Wereblood                Tmut           3%         N/A       28%         2
 Sublimation of Blood     Necr           1%         N/A       34%         2
 Manifold Assault         Tloc           14%        N/A       69%         5
 Dispersal                Tloc           7%         N/A       99%         6
 Summon Hydra             Summ           0%         N/A       100%        7
 Disjunction              Tloc           7%         N/A       100%        8


Dungeon Overview and Level Annotations

Branches:
Dungeon (2/15)

Altars:

Shops:
D:1 [

Annotations:
D:2 Crazy Yiuf


Innate Abilities, Weirdness & Mutations

You have sharp claws.
You have razor-sharp teeth.
You have supernaturally acute eyesight. (SInv)
You cover ground quickly. (Speed+)
You are covered in fur. (AC +1)
Your paws help you pounce on unaware monsters.
You are incapable of wielding weapons or throwing items.
You cannot wear armour.
You gain extra lives every three experience levels.


Message History

The giant cockroach completely misses you.
You scratch the giant cockroach but do no damage.
The giant cockroach is heavily wounded.
The giant cockroach barely misses you.
You completely miss the giant cockroach.
The giant cockroach is heavily wounded.
The giant cockroach barely misses you.
You closely miss the giant cockroach.
The giant cockroach is heavily wounded.
The giant cockroach misses you.
You scratch the giant cockroach.
You kill the giant cockroach!
No target in view!
You enter the shallow water.
Moving in this stuff is going to be slow.
You see here 26 sling bullets.
You pick up a book of Blood and begin reading...
You add the spells Sublimation of Blood, Wereblood and Summon Hydra to your library.
Found a mace.
Found a mace.
Found a mace.
You see here a +0 mace.
Found five maces, an ancient mace and a glowing mace.
Found a runed translucent door.
You see here a +0 mace.
Found a mace.
You see here a +0 mace.
You see here a +0 mace.
Found two maces and a glowing mace.
You see here the +8 mace "Ruyhain" {vorpal, rF+ Will+ rCorr}.
You open the door.
Crazy Yiuf shouts!
There is an open translucent door here.
Crazy Yiuf closely misses you.
You see here a +0 mace.
You scratch Crazy Yiuf. You bite Crazy Yiuf.
Crazy Yiuf is moderately wounded.
Crazy Yiuf hits you with a +3 quarterstaff of chaos!!
Ouch! That really hurt!
You die...

########
##...)#)########
##.....)#))##)))#
#......####)'@g.#
##.....## ###)))#
###..##### #####
......# ####### .


You could see Crazy Yiuf.

Vanquished Creatures
  A worm (D:2)
  2 ball pythons (D:1)
  4 endoplasms
  2 giant cockroaches
  3 goblins (D:1)
  2 hobgoblins (D:1)
  2 kobolds
  A quokka (D:1)
  A bat (D:1)
  A frilled lizard (D:1)
  6 rats
25 creatures vanquished.

Notes
Turn   | Place    | Note
-------+----------+-------------------------------------------
     0 | D:1      | Descartes the Felid Warper began the quest for the Orb.
     0 | D:1      | Reached XP level 1. HP: 9/9 MP: 4/4
   271 | D:1      | Found Tuxyebip's Antique Armour Shoppe.
   274 | D:1      | Reached XP level 2. HP: 13/13 MP: 6/6
   333 | D:1      | Reached skill level 1 in Stealth
   367 | D:1      | Learned a level 2 spell: Blink
   545 | D:1      | Found a faded altar of an unknown god.
  1286 | D:2      | Reached XP level 3. HP: 8/16 MP: 7/7
  1580 | D:2      | Found a runed translucent door.
  1581 | D:2      | Noticed Crazy Yiuf
  1583 | D:2      | Identified the +8 mace "Ruyhain" {vorpal, rF+ Will+ rCorr}
  1587 | D:2      | Slain by Crazy Yiuf

Illustrated notes

Levels and vault maps discovered:
D:1:      saegor_arrival_simple_e, layout_loops_ring, serial_shops,
          shop_fountains, shapermc_ecumenical_altar_flowoftime,
          corexii_corridor_pit
D:2:      layout_rooms, chequers_serial_rivers_small_a, uniq_crazy_yiuf_cottage

Skill      XL: |  1  2 |
---------------+-------+-----
Stealth        | 1 |  1.3
Fighting       | |  2.1
Dodging        | |  3.6
Unarmed Combat | |  2.5
Spellcasting   | |  2.1
Translocations | |  4.6
Transmutations | |  0.5

Action                   || total
-------------------------++-------
Melee: Unarmed           ||    74
       Bite              ||     8
       Punch             ||     1
 Stab: Sleeping          ||     6
Armor: Skin              ||     2
Dodge: Dodged            ||    48
